 Dungeon Crawl Stone Soup version 0.31-a0-231-g51bb95cda3 (webtiles) character file.

Game seed: 11072725091893164797

62 qw the Shooter (level 4, 0/26 HPs)
             Began as a Gargoyle Hexslinger on July 6, 2023.
             Slain by a goblin
             ... wielding a +0 club
             ... led by Robin
              (3 damage)
             ... on level 2 of the Dungeon.
             The game lasted 00:00:29 (908 turns).

qw the Shooter (Gargoyle Hexslinger)                 Turns: 908, Time: 00:00:29

Health: 0/26       AC:  8    Str: 11    XL:     4   Next: 8%
Magic:  5/5        EV: 10    Int: 14    God:
Gold:   36         SH:  5    Dex: 14    Spells: 4/5 levels left

rFire   . . .        Y - +1 sling
rCold   . . .        (no shield)
rNeg    + . .        f - +0 ring mail
rPois   inf          (no helmet)
rElec   +            (no cloak)
rCorr   .            (no gloves)
SInv    .            (no boots)
Will    .....        m - amulet of reflection
Stlth   +            (no ring)
HPRegen 0.24/turn    (no ring)
MPRegen 0.09/turn

%: reflection
@: no status effects
A: sickness immunity, AC +3, negative energy resistance 1, electricity
resistance, torment resistance 1, petrification resistance
a: no special abilities


You were on level 2 of the Dungeon.
You visited 1 branch of the dungeon, and saw 2 of its levels.

You collected 36 gold pieces.


Innate Abilities, Weirdness & Mutations

You are immune to sickness and miasma.
Your stone body is resilient. (AC +3)
You are immune to poison.
You resist negative energy. (rN+)
You are resistant to electric shocks. (rElec)
You are resistant to unholy torment.
You are immune to petrification.


   Skills:
 - Level 2.0 Fighting
 + Level 3.9 Ranged Weapons
 - Level 1.5 Dodging
 - Level 1.0 Spellcasting
 - Level 2.6 Hexes


You had 4 spell levels left.
You knew the following spells:

 Your Spells              Type           Power      Damage    Failure   Level
a - Slow                  Hex            32%        N/A       22%         1

Your spell library contained the following spells:

 Spells                   Type           Power      Damage    Failure   Level
 Inner Flame              Hex/Fire       4%         N/A       73%         3
 Portal Projectile        Hex/Tloc       8%         N/A       73%         3
 Cause Fear               Hex            4%         N/A       91%         4

Inventory:

Hand Weapons
 Y - a +1 sling (weapon)
Armour
 f - a +0 ring mail (worn)
Jewellery
 m - an amulet of reflection (around neck)
Scrolls
 a - a scroll of identify
Potions
 d - a potion of might
 g - a potion of attraction {unknown}
 h - a potion of resistance {unknown}
 i - a potion of curing {unknown}
 j - a potion of lignification {unknown}

Dungeon Overview and Level Annotations

Branches:
Dungeon (2/15)

Altars:
Qazlal

Annotations:
D:2 Robin


Message History

Robin hits you but does no damage. The goblin hits you with a +0 club.
You shoot a sling bullet.
The sling bullet barely misses the goblin.
The hobgoblin shouts!
Robin completely misses you. You block the goblin's attack.
The goblin barely misses you.
Robin hits you from afar with a +0 spear.
You shoot a sling bullet.
The sling bullet barely misses the goblin.
The hobgoblin no longer looks unusually strong.
Robin says, "A pitiful Gargoyle like you will never find the ORB!"
You block Robin's attack. You block the goblin's attack.
You shoot a sling bullet.
The sling bullet barely misses the goblin.
Robin hits you from afar with a +0 spear.
The goblin hits you with a +0 club.
You shoot a sling bullet. The sling bullet misses the goblin.
The goblin no longer looks unusually strong.
Robin says, "My army is invincible!"
Robin barely misses you. The goblin barely misses you.
The goblin hits you but does no damage. You block Robin's attack.
You shoot a sling bullet.
The sling bullet barely misses the goblin.
Robin closely misses you. The goblin hits you but does no damage.
You shoot a sling bullet.
The sling bullet barely misses the goblin.
Robin barely misses you. The goblin barely misses you.
You shoot a sling bullet.
The sling bullet completely misses the goblin.
Robin barely misses you. The goblin misses you.
The goblin hits you but does no damage. You block Robin's attack.
You shoot a sling bullet.
The sling bullet barely misses the goblin.
Robin roars a battlecry!
The goblins go into a battle-frenzy!
The goblin barely misses you.
You shoot a sling bullet.
The sling bullet completely misses the goblin.
Robin hits you but does no damage. The goblin hits you with a +0 club.
You die...

##### ##)..##
###@###%#
#...gg)g).#.#
#######.#.#.#
. ##...##
..#### ##.##
.....## #.#
....###### #.#
#..##...####.#
#
#.%.#......#.#


You could see Robin, a hobgoblin (strong) and a goblin (strong).

Vanquished Creatures
  2 adders (D:2)
  A worm (D:2)
  2 dart slugs (D:1)
  2 endoplasms (D:1)
  9 goblins
  3 hobgoblins (D:1)
  3 jackals (D:1)
  A kobold (D:1)
  A quokka (D:2)
  A ball python (D:2)
  5 bats
  2 frilled lizards
  4 rats (D:1)
36 creatures vanquished.

Notes
Turn   | Place    | Note
-------+----------+-------------------------------------------
     0 | D:1      | qw the Gargoyle Hexslinger began the quest for the Orb.
     0 | D:1      | Reached XP level 1. HP: 12/12 MP: 2/2
     0 | D:1      | 0 ||| qw: Version: 0.3-a-46-gb1f654a
     0 | D:1      | 0 ||| qw: Game counter: 1874
     0 | D:1      | 0 ||| qw: Melee chars always use a shield: true
     0 | D:1      | 0 ||| qw: God list: Okawaru
     0 | D:1      | 0 ||| qw: Allow faded altars: false
     0 | D:1      | 0 ||| qw: Do Orc after clearing Dungeon:15 true
     0 | D:1      | 0 ||| qw: Do second Lair branch before Depths: true
     0 | D:1      | 0 ||| qw: Lair rune preference: random
     0 | D:1      | 0 ||| qw: Goals: Normal
     0 | D:1      | 0 ||| PLANNING D:1-11
   109 | D:1      | Reached XP level 2. HP: 16/16 MP: 3/3
   296 | D:1      | Reached skill level 3 in Ranged Weapons
   430 | D:1      | Reached XP level 3. HP: 21/21 MP: 4/4
   687 | D:1      | 687 ||| UPGRADING to +0 ring mail.
   697 | D:1      | 697 ||| DROPPING +0 robe.
   698 | D:1      | 698 ||| UPGRADING to amulet of reflection.
   703 | D:1      | 703 ||| READING 3 scrolls labelled TIFAGUFAMA.
   704 | D:1      | 704 ||| READING scroll labelled NIOGEI CECU.
   705 | D:1      | 705 ||| READING scroll labelled VIABAJ TIOLO.
   710 | D:1      | 710 ||| READING 2 scrolls of identify.
   710 | D:1      | 710 ||| IDENTIFYING clear potion
   711 | D:1      | 711 ||| DROPPING scroll of poison.
   859 | D:2      | Found a stormy altar of Qazlal.
   883 | D:2      | Reached XP level 4. HP: 26/26 MP: 5/5
   888 | D:2      | Noticed Robin
   899 | D:2      | HP: 5/26 [goblin/+0 club[Robin] (5)]
   902 | D:2      | HP: 1/26 [goblin/+0 club[Robin] (2)]
   908 | D:2      | Slain by a goblin

Levels and vault maps discovered:
D:1:      roderic_octagonal_star, layout_loops_ring
D:2:      layout_loops_ring, basic_altar, uniq_robin

Skill      XL: |  1  2 |
---------------+-------+-----
Ranged Weapons | 3 |  3.9
Fighting       | 2 |  2.0
Dodging        | |  1.5
Spellcasting   | |  1.0
Hexes          | |  2.6

Action                     |  1- 3 |  4- 6 || total
---------------------------+-------+-------++-------
   Fire: Sling             |   114 |    20 ||   134
    Use: Scroll            |     4 |       ||     4
 Armour: Robe              |     8 |       ||     8
         Ring mail         |    21 |    13 ||    34
  Dodge: Dodged            |    28 |    21 ||    49
  Block: Other             |     7 |     7 ||    14

Table legend:
 A = Non-vault XP
 B = Vault XP
 C = Vault XP percentage of total XP
 D = Non-vault monster count
 E = Vault monster count
 F = Vault count percentage of total count
                 A         B        C        D         E       F
            +---------+---------+-------+---------+---------+-------
      Total |      82 |       7 |   7.9 |      32 |       4 |  11.1
            +---------+---------+-------+---------+---------+-------
        D:1 |      40 |       0 |   0.0 |      21 |       0 |   0.0
        D:2 |      42 |       7 |  14.3 |      11 |       4 |  26.7
            +---------+---------+-------+---------+---------+-------
